 Dungeon Crawl Stone Soup version 0.29.1-15-g9cfb28693d (webtiles) character file.

Game seed: 15682149621370356019

17 Smoke131 the Ruffian (level 2, -2/28 HPs)
             Began as a Troll Gladiator on Feb 27, 2023.
             Slain by a gnoll
             ... wielding a +0 whip
              (9 damage)
             ... on level 2 of the Dungeon.
             The game lasted 00:01:38 (996 turns).

Smoke131 the Ruffian (Troll Gladiator)               Turns: 996, Time: 00:01:39

Health: -2/28      AC:  4    Str: 21    XL:     2   Next: 44%
Magic:  1/1        EV: 10    Int:  4    God:
Gold:   65         SH:  0    Dex: 11    Spells: 1/1 levels left

rFire   . . .      SeeInvis .     - Unarmed
rCold   . . .      Faith    .   (no shield)
rNeg    . . .      Spirit   .   a - +0 robe
rPois   .          Reflect  .   b - +0 hat
rElec   .          Harm     .   (no cloak)
rCorr   .          Rampage  .   (gloves unavailable)
Will    .....                   (boots unavailable)
Stlth   +.........              (no amulet)
HPRegen 0.89/turn               (no ring)
MPRegen 0.07/turn               (no ring)

@: no status effects
A: large, unfitting armour, claws 3, regeneration 1, shaggy fur 1, tough skin 1
a: no special abilities


You were on level 2 of the Dungeon.
You visited 1 branch of the dungeon, and saw 2 of its levels.

You collected 65 gold pieces.

Inventory:

Missiles
 c - 3 throwing nets (quivered)
 d - a large rock
Armour
 a - a +0 robe (worn)
 b - a +0 hat (worn)
Jewellery
 h - an amulet of magic regeneration
Scrolls
 g - a scroll of magic mapping {unknown}
 i - a scroll of teleportation {unknown}
Potions
 e - a potion of flight {unknown}
 f - a potion of curing {unknown}


   Skills:
 + Level 1.9 Fighting
 + Level 2.0 Throwing
 + Level 2.6 Dodging
 + Level 3.2 Unarmed Combat


You had one spell level left.
You didn't know any spells.
Your spell library was empty.

Dungeon Overview and Level Annotations

Branches:
Dungeon (2/15)

Altars:


Innate Abilities, Weirdness & Mutations

You are too large for most types of armour.
You have claws for hands.
Your natural rate of healing is unusually fast.
You are covered in fur. (AC +1)
You have tough skin. (AC +1)


Message History

The giant cockroach is almost dead.
The giant cockroach bites you but does no damage.
You scratch the giant cockroach.
You kill the giant cockroach!
A frilled lizard comes into view.
The frilled lizard hisses angrily.
You claw the frilled lizard!
You kill the frilled lizard!
You see here a frilled lizard corpse.
A goblin comes into view. It is wielding a +0 dagger.
The goblin hits you with a +0 dagger.
You scratch the goblin.
You kill the goblin!
Things that are here:
a +0 dagger; a goblin corpse You enter the shallow water.
Moving in this stuff is going to be slow.
Partly explored, can't reach some places.
You enter the shallow water.
Moving in this stuff is going to be slow.
There is a stone staircase leading down here.
You climb downwards.
The endoplasm quivers.
Found 11 gold pieces.
There is a stone staircase leading up here.
You claw the endoplasm!
You kill the endoplasm!
You now have 65 gold pieces (gained 11). 2 gnolls come into view.
Found a fuming ruby potion.
The gnoll shouts! x2; You hear a shout! x2
A gnoll comes into view. It is wielding a +3 halberd.
The gnoll barely misses you.
You scratch the gnoll.
The gnoll is moderately wounded.
The gnoll hits you with a +0 whip!
The gnoll hits you from afar with a +3 halberd!
* * * LOW HITPOINT WARNING * * *
The gnoll attacks as you move away! The gnoll hits you with a +0 whip!
You die...

###########
#.........#
########.#######@#
.........# #g#
########## #g# #g!
### #.# ... #.# ##
..# # #.# #


You could see 3 gnolls.

Vanquished Creatures
  2 dart slugs (D:1)
  A bat (D:1)
  An endoplasm (D:2)
  A giant cockroach (D:1)
  2 goblins (D:1)
  A quokka (D:1)
  A ball python (D:1)
  2 frilled lizards (D:1)
  A kobold (D:1)
  A rat (D:1)
13 creatures vanquished.

Notes
Turn   | Place    | Note
-------+----------+-------------------------------------------
     0 | D:1      | Smoke131 the Troll Gladiator began the quest for the Orb.
     0 | D:1      | Reached XP level 1. HP: 19/19 MP: 0/0
   520 | D:1      | Reached XP level 2. HP: 28/28 MP: 1/1
   996 | D:2      | Slain by a gnoll

Illustrated notes

Levels and vault maps discovered:
D:1:      kilobyte_arrival_exit_the_forest, layout_basic, minivault_19
D:2:      layout_loops_ring, serial_shops, shop, basic_altar,
          shapermc_ecumenical_altar_acropolis

Skill      XL: |  1 |
---------------+----+-----
Throwing       | 2 |  2.0
Fighting       | |  1.9
Dodging        | |  2.6
Unarmed Combat | |  3.2

Action                   || total
-------------------------++-------
Melee: Unarmed           ||    33
Armor: Robe              ||     9
Dodge: Dodged            ||    24
